3L
FT. WORTH CATTLEMEN @ MONTANA PANDAS
05/06/2038
 
TOP OF THE 1ST
Ft. Worth Cattlemen batting - Pitching for Montana Pandas : RHP Juan Contreras
Pitching: RHP Juan Contreras
Batting: RHB Mario Álvarez 0-0: Ball
1-0: Called Strike
1-1: Ball
2-1: Called Strike
2-2: Ball
3-2: Base on Balls
Batting: LHB José Corona 0-0: Called Strike
Mario Álvarez steals 2nd base
0-1: Called Strike
0-2: SINGLE (Line Drive, 9S, EV 100.6 MPH)
Mario Álvarez to third
Batting: LHB Craig Woods 0-0: Fly out, F8 (Line Drive, 8RM, EV 97.5 MPH)
Runner from 3rd tags up, SCORES, throw by CF
Batting: LHB Semo Hoaloha 0-0: Foul Ball, location: 2F
0-1: Ball
1-1: Ball
2-1: Foul Ball, location: 2F
2-2: Strikes out swinging
Batting: SHB Akihiko Fujii 0-0: Ball
1-0: Called Strike
1-1: Ball
2-1: Ball
3-1: Called Strike
3-2: Base on Balls
José Corona to second
Batting: RHB Ramón Rodríguez 0-0: Swinging Strike
0-1: Ball
1-1: 3-RUN HOME RUN (Flyball, 7LD, EV 88.8 MPH), Distance : 344 ft
Batting: LHB Francisco García 0-0: Foul Ball, location: 2F
0-1: Ball
1-1: Fly out, F8 (Line Drive, 8RD, EV 85.0 MPH)
Top of the 1st over - 4 runs, 2 hits, 0 errors, 0 left on base; Ft. Worth 4 - Montana 0
BOTTOM OF THE 1ST
Montana Pandas batting - Pitching for Ft. Worth Cattlemen : RHP Armando Romano
Pitching: RHP Armando Romano
Batting: LHB Jérôme Masson 0-0: Called Strike
0-1: Ball
1-1: Fly out, F7 (Line Drive, 78M, EV 91.2 MPH)
Batting: LHB Pedro Gutiérrez 0-0: Foul Ball, location: 2F
0-1: Ball
1-1: Ball
2-1: Fly out, F7 (Line Drive, 7D, EV 100.6 MPH)
Batting: LHB DeMarvion Overshown 0-0: Hit by Pitch
Batting: LHB Jin-yong Myung 0-0: Called Strike
0-1: Ball
1-1: Ball
2-1: Swinging Strike
2-2: Ball
3-2: Fly out, F7 (Flyball, 78M, EV 83.1 MPH)
Bottom of the 1st over - 0 runs, 0 hits, 0 errors, 1 left on base; Ft. Worth 4 - Montana 0
TOP OF THE 2ND
Ft. Worth Cattlemen batting - Pitching for Montana Pandas : RHP Juan Contreras
Batting: LHB Glen Allen Mixon 0-0: Ball
1-0: DOUBLE (Line Drive, 89M, EV 92.5 MPH)
Batting: RHB Keiran Calleson 0-0: Fly out, F9 (Flyball, 9, EV 86.2 MPH)
Batting: RHB Mario Álvarez 0-0: Ball
1-0: Swinging Strike
1-1: Ground out 5-3 (Groundball, 56, EV 108.1 MPH)
Batting: LHB José Corona 0-0: Called Strike
0-1: Ball
1-1: Ball
2-1: Ground out U3 (Groundball, 34, EV 80.0 MPH)
Top of the 2nd over - 0 runs, 1 hit, 0 errors, 1 left on base; Ft. Worth 4 - Montana 0
BOTTOM OF THE 2ND
Montana Pandas batting - Pitching for Ft. Worth Cattlemen : RHP Armando Romano
Batting: SHB Melito Báez 0-0: Foul Ball, location: 2F
0-1: Ball
1-1: Fly out, F5 (Popup, 5F, EV 75.6 MPH)
Batting: RHB Sergio Vásquez 0-0: Ball
1-0: Ball
2-0: Foul Ball, location: 2F
2-1: Ball
3-1: Fly out, F6 (Popup, 6M, EV 65.0 MPH)
Batting: RHB Adrian Rodgers 0-0: Swinging Strike
0-1: Ball
1-1: Foul Ball, location: 2F
1-2: Foul Ball, location: 2F
1-2: Ball
2-2: Strikes out swinging
Bottom of the 2nd over - 0 runs, 0 hits, 0 errors, 0 left on base; Ft. Worth 4 - Montana 0
TOP OF THE 3RD
Ft. Worth Cattlemen batting - Pitching for Montana Pandas : RHP Juan Contreras
Batting: LHB Craig Woods 0-0: Swinging Strike
0-1: Swinging Strike
0-2: Ball
1-2: Ball
2-2: Foul Ball, location: 2F
2-2: Strikes out swinging
Batting: LHB Semo Hoaloha 0-0: Called Strike
0-1: Ball
1-1: Ground out 6-3 (Groundball, 4M, EV 103.1 MPH)
Batting: SHB Akihiko Fujii 0-0: Called Strike
0-1: Swinging Strike
0-2: Ball
1-2: Foul Ball, location: 2F
1-2: Fly out, F7 (Flyball, 7S, EV 96.9 MPH)
Top of the 3rd over - 0 runs, 0 hits, 0 errors, 0 left on base; Ft. Worth 4 - Montana 0
BOTTOM OF THE 3RD
Montana Pandas batting - Pitching for Ft. Worth Cattlemen : RHP Armando Romano
Batting: RHB Kent Summey 0-0: Called Strike
0-1: Foul Ball, location: 2F
0-2: Fly out, F9 (Flyball, 9S, EV 86.2 MPH)
Batting: RHB Francisco Agámez 0-0: Ball
1-0: Ground out 6-3 (Groundball, 4MS, EV 59.4 MPH)
Batting: LHB Jérôme Masson 0-0: Foul Ball, location: 2F
0-1: DOUBLE (Line Drive, 7LM, EV 110.0 MPH)
Batting: LHB Pedro Gutiérrez 0-0: Fly out, F8 (Flyball, 8LM, EV 95.6 MPH)
Bottom of the 3rd over - 0 runs, 1 hit, 0 errors, 1 left on base; Ft. Worth 4 - Montana 0
TOP OF THE 4TH
Ft. Worth Cattlemen batting - Pitching for Montana Pandas : RHP Juan Contreras
Batting: RHB Ramón Rodríguez 0-0: Called Strike
0-1: Ball
1-1: Called Strike
1-2: Ball
2-2: Foul Ball, location: 2F
2-2: Ball
3-2: Foul Ball, location: 2F
3-2: Foul Ball, location: 2F
3-2: SOLO HOME RUN (Flyball, 7LD, EV 99.4 MPH), Distance : 343 ft
Batting: LHB Francisco García 0-0: Called Strike
0-1: Ball
1-1: Foul Ball, location: 2F
1-2: Strikes out swinging
Batting: LHB Glen Allen Mixon 0-0: Called Strike
0-1: Ball
1-1: Ball
2-1: Ground out U3 (Groundball, 3, EV 85.6 MPH)
Batting: RHB Keiran Calleson 0-0: Ground out 6-3 (Groundball, 6, EV 107.5 MPH)
Top of the 4th over - 1 run, 1 hit, 0 errors, 0 left on base; Ft. Worth 5 - Montana 0
BOTTOM OF THE 4TH
Montana Pandas batting - Pitching for Ft. Worth Cattlemen : RHP Armando Romano
Batting: LHB DeMarvion Overshown 0-0: Called Strike
0-1: Ground out U3 (Groundball, 3S, EV 68.8 MPH)
Batting: LHB Jin-yong Myung 0-0: Ball
1-0: Called Strike
1-1: Called Strike
1-2: Ball
2-2: Strikes out looking
Batting: SHB Melito Báez 0-0: Ball
1-0: Ground out 6-3 (Groundball, 6, EV 83.8 MPH)
Bottom of the 4th over - 0 runs, 0 hits, 0 errors, 0 left on base; Ft. Worth 5 - Montana 0
TOP OF THE 5TH
Ft. Worth Cattlemen batting - Pitching for Montana Pandas : RHP Juan Contreras
Batting: RHB Mario Álvarez 0-0: Ball
1-0: Foul Ball, location: 2F
1-1: Ball
2-1: Foul Ball, location: 2F
2-2: Fly out, F7 (Flyball, 7LS, EV 91.9 MPH)
Batting: LHB José Corona 0-0: Foul Ball, location: 2F
0-1: Foul Ball, location: 2F
0-2: Fly out, F7 (Flyball, 7, EV 88.8 MPH)
Batting: LHB Craig Woods 0-0: Foul Ball, location: 2F
0-1: Foul Ball, location: 2F
0-2: Foul Ball, location: 2F
0-2: Ball
1-2: Ball
2-2: Ball
3-2: Foul Ball, location: 2F
3-2: Foul Ball, location: 2F
3-2: Foul Ball, location: 2F
3-2: SOLO HOME RUN (Flyball, 9LD, EV 89.4 MPH), Distance : 335 ft
Pitching: RHP Dennis Dunn
Batting: LHB Semo Hoaloha 0-0: Ball
1-0: Called Strike
1-1: Ball
2-1: SINGLE (Groundball, 34D, EV 96.2 MPH)
Batting: SHB Akihiko Fujii 0-0: Ball
1-0: Foul Ball, location: 2F
1-1: Ground out 4-3 (Groundball, 4, EV 77.5 MPH)
Top of the 5th over - 1 run, 2 hits, 0 errors, 1 left on base; Ft. Worth 6 - Montana 0
BOTTOM OF THE 5TH
Montana Pandas batting - Pitching for Ft. Worth Cattlemen : RHP Armando Romano
Batting: RHB Sergio Vásquez 0-0: Ground out 5-3 (Groundball, 56, EV 98.8 MPH)
Batting: RHB Adrian Rodgers 0-0: Called Strike
0-1: Fly out, F7 (Flyball, 7LSF, EV 86.2 MPH)
Now in LF: Steven Rohrs
Batting: RHB Kent Summey 0-0: Called Strike
0-1: Ball
1-1: Fly out, F9 (Flyball, 89M, EV 91.2 MPH)
Bottom of the 5th over - 0 runs, 0 hits, 0 errors, 0 left on base; Ft. Worth 6 - Montana 0
TOP OF THE 6TH
Ft. Worth Cattlemen batting - Pitching for Montana Pandas : RHP Dennis Dunn
Batting: RHB Ramón Rodríguez 0-0: Ball
1-0: Ball
2-0: SINGLE (Groundball, 34D, EV 105.0 MPH)
Batting: LHB Francisco García 0-0: Foul Ball, location: 2F
0-1: Ball
1-1: Foul Ball, location: 2F
1-2: DOUBLE (Groundball, 5L, EV 105.0 MPH)
Ramón Rodríguez to third
Pitching: RHP Jiong Bao
Batting: LHB Glen Allen Mixon 0-0: DOUBLE (Groundball, 3L, EV 106.2 MPH)
Ramón Rodríguez scores
Francisco García scores
Batting: RHB Keiran Calleson 0-0: DOUBLE (Line Drive, 8RD, EV 104.4 MPH)
Glen Allen Mixon scores
Batting: RHB Mario Álvarez 0-0: Ball
1-0: Foul Ball, location: 2F
1-1: SINGLE (Groundball, 4MD, EV 109.4 MPH)
Keiran Calleson to third
Batting: LHB José Corona 0-0: Ball
1-0: Called Strike
1-1: TRIPLE (Line Drive, 78XD, EV 106.9 MPH)
Keiran Calleson scores
Mario Álvarez scores
Batting: RHB Steven Rohrs 0-0: Ball
1-0: Ball
2-0: Called Strike
2-1: Ground out 6-3 (Groundball, 6, EV 85.0 MPH)
José Corona scores
Pitching: LHP Harumi Takaki
Batting: LHB Semo Hoaloha 0-0: Ball
1-0: Called Strike
1-1: Ball
2-1: Ground out 4-3 (Groundball, 4, EV 105.6 MPH)
Batting: SHB Akihiko Fujii 0-0: Ball
1-0: Ball
2-0: Called Strike
2-1: Ball
3-1: Base on Balls
Batting: RHB Ramón Rodríguez 0-0: Ball
1-0: Ball
2-0: Foul Ball, location: 2F
2-1: Swinging Strike
2-2: Ball
3-2: Foul Ball, location: 2F
3-2: Strikes out swinging
Top of the 6th over - 6 runs, 6 hits, 0 errors, 1 left on base; Ft. Worth 12 - Montana 0
BOTTOM OF THE 6TH
Montana Pandas batting - Pitching for Ft. Worth Cattlemen : RHP Armando Romano
Batting: RHB Francisco Agámez 0-0: Ball
1-0: Called Strike
1-1: Called Strike
1-2: Ground out 4-3 (Groundball, 4M, EV 85.0 MPH)
Batting: LHB Jérôme Masson 0-0: Called Strike
0-1: SOLO HOME RUN (Flyball, 89XD, EV 106.9 MPH), Distance : 403 ft
Batting: LHB Pedro Gutiérrez 0-0: Ball
1-0: Called Strike
1-1: Ball
2-1: SINGLE (Groundball, 56D, EV 107.5 MPH)
Batting: LHB DeMarvion Overshown 0-0: Called Strike
0-1: Ball
1-1: Called Strike
1-2: Strikes out swinging
Batting: LHB Jin-yong Myung 0-0: Ball
1-0: Fly out, F6 (Popup, 6, EV 54.4 MPH)
Bottom of the 6th over - 1 run, 2 hits, 0 errors, 1 left on base; Ft. Worth 12 - Montana 1
TOP OF THE 7TH
Ft. Worth Cattlemen batting - Pitching for Montana Pandas : LHP Harumi Takaki
Batting: LHB Francisco García 0-0: Swinging Strike
0-1: Foul Ball, location: 2F
0-2: Fly out, F4 (Popup, 34S, EV 82.5 MPH)
Batting: LHB Glen Allen Mixon 0-0: Fly out, F8 (Flyball, 8LM, EV 91.2 MPH)
Batting: RHB Keiran Calleson 0-0: Called Strike
0-1: Fly out, F9 (Line Drive, 9, EV 102.5 MPH)
Top of the 7th over - 0 runs, 0 hits, 0 errors, 0 left on base; Ft. Worth 12 - Montana 1
BOTTOM OF THE 7TH
Montana Pandas batting - Pitching for Ft. Worth Cattlemen : RHP Armando Romano
Batting: SHB Melito Báez 0-0: Fly out, F7 (Flyball, 7, EV 90.6 MPH)
Batting: RHB Sergio Vásquez 0-0: Ball
1-0: Fly out, F9 (Flyball, 9S, EV 76.9 MPH)
Batting: RHB Adrian Rodgers 0-0: Called Strike
0-1: Called Strike
0-2: Strikes out looking
Bottom of the 7th over - 0 runs, 0 hits, 0 errors, 0 left on base; Ft. Worth 12 - Montana 1
TOP OF THE 8TH
Ft. Worth Cattlemen batting - Pitching for Montana Pandas : LHP Harumi Takaki
Batting: RHB Mario Álvarez 0-0: Called Strike
0-1: Ball
1-1: Swinging Strike
1-2: Foul Ball, location: 2F
1-2: SINGLE (Groundball, 56S, EV 68.1 MPH) (infield hit)
Pitching: LHP William O'Keefe
Batting: LHB José Corona 0-0: SINGLE (Groundball, 34D, EV 98.1 MPH)
Mario Álvarez to second
Batting: RHB Steven Rohrs 0-0: SINGLE (Flyball, 89M, EV 92.5 MPH)
Mario Álvarez to third
José Corona to second
Batting: LHB Semo Hoaloha 0-0: Swinging Strike
0-1: Called Strike
0-2: Ball
1-2: Ball
2-2: Foul Ball, location: 2F
2-2: Ball
3-2: Base on Balls
Mario Álvarez scores
José Corona to third
Steven Rohrs to second
Batting: SHB Akihiko Fujii 0-0: Ball
1-0: Ball
2-0: Called Strike
2-1: Ball
3-1: Foul Ball, location: 2F
3-2: Fly out, F9 (Flyball, 89M, EV 98.1 MPH)
Runner from 3rd tags up, SCORES, throw by RF
Steven Rohrs to third
Batting: RHB Ramón Rodríguez 0-0: Called Strike
0-1: Ball
1-1: Ball
2-1: Foul Ball, location: 2F
2-2: Ball
3-2: Foul Ball, location: 2F
3-2: Base on Balls
Semo Hoaloha to second
Batting: LHB Francisco García 0-0: DOUBLE (Line Drive, 9LM, EV 106.2 MPH)
Steven Rohrs scores
Semo Hoaloha scores
Ramón Rodríguez to third
Pitching: RHP Gilberto Rodríguez
Batting: LHB Glen Allen Mixon 0-0: Ball
1-0: Foul Ball, location: 2F
1-1: SINGLE (Flyball, 7S, EV 95.0 MPH)
Ramón Rodríguez scores
Francisco García to third
Batting: RHB Keiran Calleson 0-0: SINGLE (Line Drive, 8LS, EV 90.6 MPH)
Francisco García scores
Glen Allen Mixon to second
Batting: RHB Mario Álvarez 0-0: Called Strike
0-1: Called Strike
0-2: Ball
1-2: Ball
2-2: DOUBLE (Line Drive, 8LD, EV 98.8 MPH)
Glen Allen Mixon scores
Keiran Calleson to third
Batting: LHB José Corona 0-0: Called Strike
0-1: Swinging Strike
0-2: Ball
1-2: Ball
2-2: Strikes out swinging
Batting: RHB Steven Rohrs 0-0: Foul Ball, location: 2F
0-1: SINGLE (Flyball, 89S, EV 85.0 MPH)
Keiran Calleson scores
Mario Álvarez to third
Runner from 3rd tries for Home, SAFE, throw by RF to home
Batting: LHB Semo Hoaloha
Pinch Hitting: RHB Sergio Ortíz 0-0: Called Strike
0-1: Swinging Strike
0-2: Ball
1-2: Ball
2-2: Foul Ball, location: 2F
2-2: Ball
3-2: Base on Balls
Steven Rohrs to second
Batting: SHB Akihiko Fujii 0-0: Called Strike
0-1: Ball
1-1: SINGLE (Flyball, 9LS, EV 93.1 MPH)
Steven Rohrs to third
Sergio Ortíz to second
Runner from 3rd tries for Home, SAFE, throw by RF to home
Pitching: RHP Hieronymus Bosch
Batting: RHB Ramón Rodríguez 0-0: Ball
1-0: Swinging Strike
1-1: Ball
2-1: Ball
3-1: Base on Balls
Sergio Ortíz to third
Akihiko Fujii to second
Batting: LHB Francisco García 0-0: Foul Ball, location: 2F
0-1: Foul Ball, location: 2F
0-2: Ball
Wild Pitch!
Sergio Ortíz scores
Akihiko Fujii to third
Ramón Rodríguez to second
1-2: Ball
2-2: Strikes out swinging
Top of the 8th over - 11 runs, 9 hits, 0 errors, 2 left on base; Ft. Worth 23 - Montana 1
BOTTOM OF THE 8TH
Montana Pandas batting - Pitching for Ft. Worth Cattlemen : RHP Armando Romano
Now at 1B: Sergio Ortíz
Batting: RHB Kent Summey 0-0: Ball
1-0: Ball
2-0: Called Strike
2-1: Foul Ball, location: 2F
2-2: Ball
3-2: Foul Ball, location: 2F
3-2: Fly out, F9 (Flyball, 9, EV 91.9 MPH)
Batting: RHB Francisco Agámez 0-0: Ball
1-0: Fly out, F8 (Flyball, 89S, EV 83.1 MPH)
Batting: LHB Jérôme Masson 0-0: Foul Ball, location: 2F
0-1: Swinging Strike
0-2: Ball
1-2: Foul Ball, location: 2F
1-2: Strikes out looking
Bottom of the 8th over - 0 runs, 0 hits, 0 errors, 0 left on base; Ft. Worth 23 - Montana 1
TOP OF THE 9TH
Ft. Worth Cattlemen batting - Pitching for Montana Pandas : RHP Hieronymus Bosch
Batting: LHB Glen Allen Mixon 0-0: SINGLE (Groundball, 34D, EV 101.9 MPH)
Batting: RHB Keiran Calleson 0-0: Foul Ball, location: 2F
0-1: Reached on error, E1 (Groundball, 34S, EV 91.2 MPH)
Glen Allen Mixon to second
Batting: RHB Mario Álvarez 0-0: Called Strike
0-1: Fielders Choice at 2nd, 4-6 (Groundball, 4, EV 86.9 MPH)
Glen Allen Mixon to third
Batting: LHB José Corona 0-0: Called Strike
0-1: SINGLE (Flyball, 8RS, EV 86.2 MPH)
Glen Allen Mixon scores
Mario Álvarez to second
Batting: RHB Steven Rohrs 0-0: Called Strike
0-1: Ball
1-1: Swinging Strike
1-2: Grounds into double play, 4-6-3 (Groundball, 4, EV 99.4 MPH)
Top of the 9th over - 1 run, 2 hits, 1 error, 1 left on base; Ft. Worth 24 - Montana 1
BOTTOM OF THE 9TH
Montana Pandas batting - Pitching for Ft. Worth Cattlemen : RHP Armando Romano
Batting: LHB Pedro Gutiérrez 0-0: Ball
1-0: Ball
2-0: Fly out, F9 (Flyball, 9S, EV 94.4 MPH)
Batting: LHB DeMarvion Overshown 0-0: Called Strike
0-1: Ball
1-1: Ball
2-1: Ball
3-1: Base on Balls
Pitching: RHP Gil Brown
Batting: LHB Jin-yong Myung 0-0: Grounds into double play, 4-6-3 (Groundball, 34D, EV 83.8 MPH)
Bottom of the 9th over - 0 runs, 0 hits, 0 errors, 0 left on base; Ft. Worth 24 - Montana 1
Friday, April 17th, 2020 - OOTP Baseball 20.8 Build 74